 Dungeon Crawl Stone Soup version 0.26-a0-652-gafc20e3620 (webtiles) character file.

Game seed: 15068140404393763077

4 grandjackal the Insei (level 1, -2/15 HPs)
             Began as a Demonspawn Transmuter on Oct 2, 2020.
             Slain by a leopard gecko (5 damage)
             ... on level 1 of the Dungeon.
             The game lasted 00:00:35 (458 turns).

grandjackal the Insei (Demonspawn Transmuter)        Turns: 458, Time: 00:00:35

Health: -2/15      AC:  2    Str: 10    XL:     1   Next: 58%
Magic:  0/3        EV: 12    Int: 14    God:
Gold:   41         SH:  0    Dex: 13    Spells: 3/4 levels left

rFire    . . .     SeeInvis .     - Unarmed
rCold    . . .     Faith    .   (no shield)
rNeg     . . .     Spirit   .   a - +0 robe
rPois    .         Reflect  .   (helmet currently unavailable)
rElec    .         Harm     .   (no cloak)
rCorr    .         Rampage  .   (no gloves)
MR       .....                  (boots currently unavailable)
Stlth    +.........             (no amulet)
HPRegen  0.05/turn              (no ring)
MPRegen  0.08/turn              (no ring)

@: appendages (expiring), very slightly contaminated
A: horns 2, talons 2
a: End Transformation


You were on level 1 of the Dungeon.
You had grown temporary horns.
You had grown temporary talons.
You visited 1 branch of the dungeon, and saw 1 of its levels.

You collected 41 gold pieces.

Inventory:

Armour
 a - a +0 robe (worn)
Jewellery
 g - an uncursed ring of ice
Scrolls
 b - 2 scrolls of remove curse {unknown}
 c - a scroll of fear {unknown}
 e - a scroll of identify {unknown}
 f - a scroll of random uselessness {unknown}
 i - a scroll of enchant weapon {unknown}
Potions
 d - 2 potions of curing {unknown}
 h - a potion of haste {unknown}
 j - 2 potions of heal wounds {unknown}


   Skills:
 + Level 1.2 Fighting
 - Level 1.7 Dodging
 + Level 2.8 Unarmed Combat
 - Level 2.0 Spellcasting
 + Level 1.9 Transmutations


You had 3 spell levels left.
You knew the following spells:

 Your Spells              Type           Power        Failure   Level
a - Beastly Appendage     Tmut           #.....       11%         1

Your spell library contained the following spells:

 Spells                   Type           Power        Failure   Level
 Wereblood                Tmut           #.......     16%         2
 Spider Form              Tmut/Pois      #.........   43%         3
 Ice Form                 Ice/Tmut       #.......     85%         4
 Blade Hands              Tmut           #.........   96%         5


Dungeon Overview and Level Annotations

Branches:
Dungeon (1/15)

Altars:


Innate Abilities, Weirdness & Mutations

You have a pair of horns on your head.
You have razor-sharp toenails.


Message History

The leopard gecko closely misses you.
You barely miss the leopard gecko. You claw the leopard gecko.
The leopard gecko is lightly wounded.
The leopard gecko closely misses you.
You barely miss the leopard gecko.
The leopard gecko is lightly wounded.
The leopard gecko closely misses you.
You closely miss the leopard gecko.
The leopard gecko is lightly wounded.
The leopard gecko bites you but does no damage.
You hit the leopard gecko but do no damage.
You headbutt the leopard gecko.
The leopard gecko is severely wounded.
The leopard gecko bites you.
* * * LOW HITPOINT WARNING * * *
You miss the leopard gecko.
The leopard gecko is severely wounded.
Your transformation is almost over.
The leopard gecko bites you.
You die...

#...............#.....
#...............#.....
#...........>...#(....
##.............###....
##.....#.....## ##...
###.#####..†...#####
#.# #......# # #.#
#........ .. #@#
#......##..# #l#
#......# .# #.#
######## #####.#####
#.........#
#.........#
#............
#.........###
#........)#


You could see a leopard gecko.

Vanquished Creatures
  A hobgoblin (D:1)
  A kobold (D:1)
  A frilled lizard (D:1)
  A goblin (D:1)
  A rat (D:1)
5 creatures vanquished.

Notes
Turn   | Place    | Note
-------+----------+-------------------------------------------
     0 | D:1      | grandjackal the Demonspawn Transmuter began the quest for
                  | the Orb.
     0 | D:1      | Reached XP level 1. HP: 15/15 MP: 3/3
   458 | D:1      | Slain by a leopard gecko

Illustrated notes

Levels and vault maps discovered:
D:1:      scummos_arrival_star, layout_rooms

Action                   || total
-------------------------++-------
Melee: Unarmed           ||    28
       Kick              ||     1
       Headbutt          ||     1
 Cast: Beastly Appendage ||     2
Armor: Robe              ||     1
Dodge: Dodged            ||    20

Table legend: (Time is in decaauts)
 A = Elapsed time spent in this place.
 B = Non-inter-level travel time spent in this place.
 C = Inter-level travel time spent in this place.
 D = Time resting spent in this place.
 E = Time spent auto-exploring this place.
 F = Levels seen in this place.
 G = Mean time per level.
                   A        B        C        D        E       F      G
               +--------+--------+--------+--------+--------+-----+--------+
         Total |    455 |    455 |      0 |    214 |    163 |   1 |  455.0 |
       Dungeon |    455 |    455 |      0 |    214 |    163 |   1 |  455.0 |
               +--------+--------+--------+--------+--------+-----+--------+

Top non-repeatable levels by time:
     D:1: 455 daAuts
